 Dungeon Crawl Stone Soup version 0.29-a0-973-gac7da5f7f0 (webtiles) character file.

Game seed: 18225022116964325209

3440 Pooter the Firebug (level 9, -4/68 HPs)
             Began as a Demonspawn Fire Elementalist on July 31, 2022.
             Was an Initiate of Hepliaklqana.
             Slain by a six-headed hydra (8 damage)
             ... on level 8 of the Dungeon on Aug 1, 2022.
             The game lasted 01:19:42 (10296 turns).

Pooter the Firebug (Demonspawn Fire Elementalist)  Turns: 10296, Time: 01:19:42

Health: -4/68      AC: 10    Str: 10    XL:     9   Next: 77%
Magic:  11/16      EV: 10    Int: 19    God:    Hepliaklqana [......]
Gold:   45         SH:  0    Dex: 14    Spells: 7/18 levels left

rFire   + . .      SeeInvis +   a - +3 demon blade (venom)
rCold   x . .      Faith    .   (no shield)
rNeg    . . .      Spirit   .   L - +0 ring mail
rPois   .          Reflect  .   r - +0 mask of the Dragon {Will+ Slay+3 SInv}
rElec   .          Harm     .   l - +1 cloak
rCorr   .          Rampage  .   u - +1 pair of gloves
Will    +....                   (no boots)
Stlth   +.........              (no amulet)
HPRegen 0.21/turn               (no ring)
MPRegen 0.15/turn               B - ring of fire

@: no status effects
A: antennae 1, claws 2, hooves 2, foul stench 1, powered by death 2
a: Renounce Religion


You were on level 8 of the Dungeon.
You worshipped Hepliaklqana.
Hepliaklqana was noncommittal.
You visited 1 branch of the dungeon, and saw 8 of its levels.
You also visited: Sewer.

You collected 522 gold pieces.
You spent 477 gold pieces at shops.

Inventory:

Hand Weapons
 a - a +3 demon blade of venom (weapon)
   (You found it on level 7 of the Dungeon)
 b - the +5 sling of the Assorted Mouths {freeze, Int+2}
   (You bought it in a shop on level 3 of the Dungeon)

   Any ammunition fired from it freezes those it strikes, dealing additional
   cold damage.
   It can also slow down cold-blooded creatures.
   Int:       It affects your intelligence (+2).
 E - a +1 short sword of electrocution
   (You took it off a kobold brigand in a sewer)
 F - a +0 trident
   (You took it off an orc on level 2 of the Dungeon)
 M - a +0 shortbow
   (You took it off a centaur on level 6 of the Dungeon)
 N - a +0 war axe
   (You took it off an orc priest on level 8 of the Dungeon)
Missiles
 i - 2 atropa-tipped darts
 m - 35 poisoned darts (quivered)
 y - 2 boomerangs of dispersal {!f}
 C - a curare-tipped dart
 Q - 50 stones
Armour
 c - a +0 robe
 l - a +1 cloak (worn)
   (You found it on level 2 of the Dungeon)
 r - the +0 mask of the Dragon (worn) {Will+ Slay+3 SInv}
   (You acquired it on level 1 of the Dungeon)

   Slay:      It affects your accuracy & damage with ranged weapons and melee
   (+3).
   SInv:      It lets you see invisible.
   Will:      It increases your willpower.
 u - a +1 pair of gloves (worn)
   (You found it on level 3 of the Dungeon)
 L - a +0 ring mail (worn)
   (You took it off an orc on level 6 of the Dungeon)
Jewellery
 v - a +4 ring of evasion
   (You found it on level 4 of the Dungeon)
 B - a ring of fire (right hand)
   (You found it on level 5 of the Dungeon)
Wands
 f - a wand of flame (41)
   (You took it off Maurice on level 8 of the Dungeon)
 t - a wand of roots (15)
   (You found it on level 3 of the Dungeon)
Scrolls
 d - 2 scrolls of fear
 h - a scroll of magic mapping
 j - 2 scrolls of blinking
 k - 2 scrolls of enchant armour
 p - a scroll of noise {!r}
 D - a scroll of butterflies {unknown}
 G - 2 scrolls of amnesia {unknown}
 H - 6 scrolls of teleportation {unknown}
 I - a scroll of immolation {!r}
 J - 2 scrolls of poison {!r}
Potions
 e - 2 potions of magic
 n - a potion of mutation {unknown}
 q - a potion of lignification {unknown}
 s - 5 potions of curing {@q1}
 w - 2 potions of heal wounds {unknown}
 x - 2 potions of flight {unknown}
 z - a potion of brilliance
 A - 3 potions of haste {unknown}
 K - a potion of cancellation {unknown}


   Skills:
 + Level 5.0 Fighting
 * Level 2.0 Long Blades
 * Level 2.3 Ranged Weapons
 - Level 3.8 Armour
 - Level 1.7 Dodging
 - Level 1.7 Stealth
 + Level 5.2 Spellcasting
 + Level 5.3 Conjurations
 + Level 1.5 Hexes
 + Level 7.2 Fire Magic
 - Level 4.1 Evocations


You had 7 spell levels left.
You knew the following spells:

 Your Spells              Type           Power      Damage    Failure   Level
a - Foxfire               Conj/Fire      100%       2x1d9     2%          1
b - Scorch                Fire           96%        2d10      2%          2
c - Flame Wave            Conj/Fire      43%        2d11      22%         4
d - Inner Flame           Hex/Fire       32%        N/A       14%         3
e - Apportation           Tloc           8%         N/A       30%         1

Your spell library contained the following spells:

 Spells                   Type           Power      Damage    Failure   Level
 Conjure Flame            Conj/Fire      43%        6-21      7%          3
 Alistair's Intoxication  Tmut/Pois      2%         N/A       100%        5


Dungeon Overview and Level Annotations

Branches:
Dungeon (8/15)             Temple (0/1) D:7           Sewer (visited)
   Lair: D:8-11

Altars:
Dithmenos
Hepliaklqana
Kikubaaqudgha
Xom
Yredelemnul

Shops:
D:1 !?[?(   D:3 (

Annotations:
D:7 1 runed translucent door


Innate Abilities, Weirdness & Mutations

You have a pair of small antennae on your head.
You have very sharp fingernails.
You have hoof-like feet.
You may rarely emit foul miasma when damaged in melee.
You regenerate health from kills.


Message History

Found a scroll of identify.
The four-headed hydra roars!
The centaur shouts!
The centaur wields a +0 shortbow.
The centaur shoots an arrow.
The arrow hits you.
The four-headed hydra moves out of view.
You feel a surge of power!
Flames lash the centaur.
The centaur's fire resistance burns away.
The centaur shoots an arrow.
The arrow hits you but does no damage.
You feel a surge of power!
Flames lash the four-headed hydra.
The four-headed hydra's fire resistance burns away.
You feel a surge of power!
Flames lash the four-headed hydra.
The four-headed hydra is burned terribly!
You shoot a sling bullet.
The sling bullet hits the four-headed hydra!
The sling bullet freezes the four-headed hydra.
The four-headed hydra bites you.
You emit a cloud of foul miasma!
The four-headed hydra bites you but does no damage.
The four-headed hydra completely misses you.
The four-headed hydra bites you!
The +5 sling of the Assorted Mouths {freeze, Int+2} stops glowing.
Your +3 demon blade of venom begins to drip with poison!
a - a +3 demon blade of venom (weapon)
You slice one of the four-headed hydra's heads off!
The three-headed hydra grows two more!
You slice the five-headed hydra!! You kick the five-headed hydra.
The five-headed hydra is engulfed in dark miasma.
The five-headed hydra bites you! The five-headed hydra bites you.
The five-headed hydra barely misses you.
The five-headed hydra bites you!
* * * LOW HITPOINT WARNING * * *
The five-headed hydra bites you!
* * * LOW HITPOINT WARNING * * *
The five-headed hydra is engulfed in dark miasma.
The five-headed hydra bites you but does no damage.
The five-headed hydra closely misses you.
The five-headed hydra bites you.
* * * LOW HITPOINT WARNING * * *
The five-headed hydra closely misses you.
The five-headed hydra bites you!
* * * LOW HITPOINT WARNING * * *
You hack one of the five-headed hydra's heads off!
The four-headed hydra grows two more!
You hit the six-headed hydra. You kick the six-headed hydra.
The six-headed hydra is engulfed in dark miasma.
The six-headed hydra bites you but does no damage.
The six-headed hydra bites you.
* * * LOW HITPOINT WARNING * * *
The six-headed hydra bites you but does no damage.
The six-headed hydra barely misses you. The six-headed hydra bites you!
You die...

#,#..########### #.###########.
***,#............###.# #....# #.
*,,,#...#.#.#.##..#..# #....# ##
*,,,##.#######.##.#### #....#
*,,,...#*,*,*,##..#######...<#
*,,>####**,*,*#..##.....#....####
*..,* *,****#.#######........##
*.,,* **,*,,#..## #......#.##
*,,,*****,,*,*##@.# #..........
*,,,,,,,*#....cD.### #..........
*,,,,,,,,#########.####..........
*,,,,,,,** #.#....#............
***,,,,,* #...#..#.##.#######.
*,,,,,* ###.#.<..##.###.....
*,,,,,* #.####.###.....#..
*,,,,,* #.##ยง....#[#####).
*,,,,,* #..#.....#.[[.....


You could see a six-headed hydra (combustible) and a centaur (combustible).

Vanquished Creatures
  Pikel (D:6)
  Maurice (D:8)
  2 wyverns
  A water moccasin (D:6)
  3 orc warriors
  An ice beast (D:7)
  A centaur (D:6)
  3 lemures (D:6)
  A phantom (D:5)
  5 kobold brigands (Sewer)
  3 bullfrogs
  2 scorpions
  5 wights (D:8)
  2 howler monkeys (D:5)
  A gnoll bouda (D:5)
  3 hounds
  A jelly (D:6)
  5 orc priests
  Jessica (D:2)
  4 iguanas
  3 orc wizards
  5 gnolls (D:5)
  8 adders
  A river rat (Sewer)
  A shadow imp (D:8)
  A white imp (D:6)
  An ufetubus (D:5)
  4 worms
  2 dart slugs
  25 orcs
  14 ball pythons
  7 bats
  9 endoplasms
  5 giant cockroaches
  5 goblins
  5 hobgoblins
  5 jackals
  13 kobolds
  2 quokkas (D:2)
  A frilled lizard (D:1)
  A goblin skeleton (D:7)
  6 rats
170 creatures vanquished.

Vanquished Creatures (others)
  85 foxfires
  4 plants (D:4)
89 creatures vanquished.

Grand Total: 259 creatures vanquished

Notes
Turn   | Place    | Note
-------+----------+-------------------------------------------
     0 | D:1      | Pooter the Demonspawn Fire Elementalist began the quest for
                  | the Orb.
     0 | D:1      | Reached XP level 1. HP: 13/13 MP: 3/3
   138 | D:1      | Found Wattufol's Magic Scroll Shoppe.
   189 | D:1      | Bought a scroll of identify for 20 gold pieces
   285 | D:1      | Discovered your monstrous ancestry.
   285 | D:1      | Gained mutation: You have sharp fingernails. [demonic
                  | ancestry]
   285 | D:1      | Reached XP level 2. HP: 13/20 MP: 1/5
   402 | D:1      | Found a faded altar of an unknown god.
   512 | D:1      | Found Pulut's Weapon Boutique.
   545 | D:1      | Found Maasy's Armour Emporium.
   556 | D:1      | Reached skill level 3 in Fire Magic
   573 | D:1      | Learned a level 2 spell: Scorch
   602 | D:1      | Found Mukhyoce's Distillery.
   732 | D:1      | Identified a scroll of acquirement
   733 | D:1      | Acquired the +0 mask of the Dragon {Will+ Slay+3 SInv}
   733 | D:1      | Found the +0 mask of the Dragon {Will+ Slay+3 SInv}
   776 | D:1      | Bought a scroll of identify for 20 gold pieces
   799 | D:1      | Found Ennucs's Magic Scroll Shoppe.
  1169 | D:2      | Found a shadowy altar of Dithmenos.
  1433 | D:2      | Reached skill level 1 in Fighting
  1494 | D:2      | Gained mutation: You regenerate a little health from kills.
                  | [demonic ancestry]
  1494 | D:2      | Reached XP level 3. HP: 26/26 MP: 0/6
  1654 | D:2      | Noticed Jessica
  1659 | D:2      | Killed Jessica
  1720 | D:1      | Bought a scroll of identify for 24 gold pieces
  1720 | D:1      | Bought a scroll of identify for 24 gold pieces
  1847 | D:2      | Gained mutation: You have very sharp fingernails. [demonic
                  | ancestry]
  1847 | D:2      | Reached XP level 4. HP: 32/32 MP: 5/7
  1995 | D:1      | Bought a +0 sling for 15 gold pieces
  2220 | D:1      | Bought a potion of curing for 33 gold pieces
  2771 | D:3      | Found a shimmering altar of Xom.
  2826 | D:1      | Bought a potion of attraction for 33 gold pieces
  2872 | D:1      | Bought a scroll of noise for 12 gold pieces
  2928 | D:3      | Gained mutation: You have large cloven feet. [demonic
                  | ancestry]
  2928 | D:3      | Reached XP level 5. HP: 38/38 MP: 6/9
  3199 | D:3      | Found Cocwoet's Antique Weapon Shop.
  3360 | D:4      | Reached skill level 4 in Fire Magic
  3664 | D:4      | Noticed a wyvern
  3682 | D:4      | Killed a wyvern
  3683 | D:4      | Reached skill level 1 in Armour
  3683 | D:4      | Reached skill level 1 in Evocations
  3683 | D:4      | Gained mutation: You have a pair of small antennae on your
                  | head. [demonic ancestry]
  3683 | D:4      | Reached XP level 6. HP: 38/45 MP: 3/10
  4041 | D:1      | Bought a potion of brilliance for 44 gold pieces
  4814 | D:5      | Entered Level 5 of the Dungeon
  4868 | D:5      | Found a glowing drain.
  4886 | D:5      | Gained mutation: You may rarely emit foul miasma when
                  | damaged in melee. [demonic ancestry]
  4886 | D:5      | Reached XP level 7. HP: 51/51 MP: 5/12
  4894 | Sewer    | Entered a sewer
  5229 | Sewer    | Reached skill level 5 in Fire Magic
  5836 | D:5      | Gained mutation: You have hoof-like feet. [demonic
                  | ancestry]
  5836 | D:5      | Reached XP level 8. HP: 55/58 MP: 4/13
  5984 | D:5      | You fall into a shaft and drop 3 floors!
  6002 | D:8      | Noticed Maurice
  6017 | D:8      | Killed Maurice
  6250 | D:8      | Learned a level 4 spell: Flame Wave
  6260 | D:6      | Reached skill level 6 in Fire Magic
  6977 | D:5      | Learned a level 3 spell: Inner Flame
  7364 | D:6      | Noticed Pikel
  7631 | D:6      | Killed Pikel
  7632 | D:6      | Gained mutation: You regenerate health from kills. [demonic
                  | ancestry]
  7632 | D:6      | Reached XP level 9. HP: 45/66 MP: 5/16
  8412 | D:7      | Reached skill level 5 in Conjurations
  8412 | D:7      | Reached skill level 7 in Fire Magic
  8443 | D:7      | Found a runed translucent door.
  8448 | D:7      | Found a basalt altar of Yredelemnul.
  8639 | D:3      | Bought a transparent sling for 162 gold pieces
  8639 | D:3      | Identified the +5 sling of the Assorted Mouths {freeze,
                  | Int+2} (You bought it in a shop on level 3 of the Dungeon)
  8822 | D:7      | Found a hazy altar of Hepliaklqana.
  8866 | D:7      | Became a worshipper of Hepliaklqana the Forgotten
  9067 | D:7      | Found a staircase to the Ecumenical Temple.
  9152 | D:7      | Reached skill level 1 in Ranged Weapons
  9152 | D:7      | Reached skill level 5 in Spellcasting
  9295 | D:8      | Reached skill level 1 in Long Blades
  9302 | D:8      | Reached skill level 1 in Hexes
  9412 | D:8      | Found an ancient bone altar of Kikubaaqudgha.
  9509 | D:8      | Learned a level 1 spell: Apportation
  9606 | D:8      | Reached skill level 5 in Fighting
 10023 | D:1      | Bought a scroll of enchant weapon for 90 gold pieces
 10289 | D:8      | Noticed a four-headed hydra
 10296 | D:8      | Slain by a six-headed hydra

Illustrated notes

Levels and vault maps discovered:
D:1:      minmay_arrival_glassed_features, layout_rooms,
          hellmonk_ecumenical_altar_inner_sanctum, serial_shops, shop, shop,
          nicolae_shop_bloodbath_and_beyond, nicolae_shop_window_shopping,
          nicolae_lakefront_shop
D:2:      cheibrodos_pilgrimage, layout_loops_ring, basic_altar,
          minmay_liquid_box, nicolae_titane, uniq_jessica
D:3:      layout_loops_ring, mainiacjoe_overflow_alcove_1, serial_shops,
          nicolae_shop_trees
D:4:      layout_loops_corners, minmay_misc_feat_cross,
          minmay_misc_feat_columns, serial_bayou_pond_c
D:5:      layout_gridville, cheibrodos_sewer_entry_sluice,
          kennysheep_generic_room_11
D:6:      layout_basic, nicolae_eternal_life, uniq_pikel
D:7:      layout_cave_pools, dk_yredelemnul_ordeal, amcnicky_altar_gilded,
          minmay_temple_entry_overgrown, corexii_hall_statues_u
D:8:      layout_basic, nicolae_kikubaaqudgha_miasma_corner,
          minmay_misc_feat_encased, minmay_small_thing, uniq_maurice

Skill      XL: |  1  2  3  4  5  6  7  8  9 |
---------------+----------------------------+-----
Fire Magic     | 3 4 5 6 7 |  7.2
Fighting       | 1 2 3 4 5 |  5.0
Conjurations   | 2 3 4 5 |  5.3
Armour         | 1 2 3 |  3.8
Spellcasting   | 3 4 5 |  5.2
Evocations     | 1 2 3 4 |  4.1
Ranged Weapons | 2 |  2.3
Long Blades    | 2 |  2.0
Hexes          | 1 |  1.5
Dodging        | |  1.7
Stealth        | |  1.7

Action                   |  1- 3 |  4- 6 |  7- 9 || total
-------------------------+-------+-------+-------++-------
Melee: Whip              |     8 |       |       ||     8
       Rapier            |    12 |       |       ||    12
       Trident           |       |     5 |     2 ||     7
       Kick              |       |     3 |    13 ||    16
       Short sword       |       |       |     6 ||     6
       Hand axe          |       |       |    11 ||    11
       Demon blade       |       |       |    21 ||    21
 Fire: Sling             |       |    27 |    79 ||   106
       Shortbow          |       |       |     8 ||     8
Throw: Stone             |     5 |       |       ||     5
       Dart              |       |     3 |     4 ||     7
 Cast: Foxfire           |    21 |     9 |    20 ||    50
       Scorch            |    15 |    41 |    87 ||   143
       Flame Wave        |       |       |    11 ||    11
Evoke: Wand              |       |       |     3 ||     3
  Use: Scroll            |     6 |     3 |     7 ||    16
       Potion            |       |     1 |     1 ||     2
Armor: Robe              |     6 |       |    18 ||    24
       Ring mail         |       |       |    18 ||    18
Dodge: Dodged            |    39 |    14 |   104 ||   157

Table legend: (Time is in decaauts)
 A = Elapsed time spent in this place.
 B = Non-inter-level travel time spent in this place.
 C = Inter-level travel time spent in this place.
 D = Time resting spent in this place.
 E = Time spent auto-exploring this place.
 F = Levels seen in this place.
 G = Mean time per level.
                   A        B        C        D        E       F      G
               +--------+--------+--------+--------+--------+-----+--------+
         Total |  10513 |   9147 |   1366 |   2906 |   4702 |   9 | 1168.1 |
       Dungeon |   9428 |   8062 |   1366 |   2800 |   3911 |   8 | 1178.5 |
         Sewer |   1085 |   1085 |      0 |    106 |    791 |   1 | 1085.0 |
               +--------+--------+--------+--------+--------+-----+--------+

Top non-repeatable levels by time:
     D:4: 1457 daAuts
     D:2: 1386 daAuts
     D:6: 1281 daAuts
     D:5: 1259 daAuts
     D:1: 1223 daAuts
   Sewer: 1085 daAuts
     D:3: 1084 daAuts
     D:8: 1037 daAuts
     D:7: 697 daAuts
